 Dungeon Crawl Stone Soup version 0.29-a0-557-g43b9904bd1 (webtiles) character file.

Game seed: 18153701446179416053

18 Hubjo the Skirmisher (level 2, 0/24 HPs)
             Began as a Demonspawn Cinder Acolyte on June 8, 2022.
             Was a Believer of Ru.
             Slain by an ufetubus (3 damage)
             ... on level 2 of the Dungeon.
             The game lasted 00:01:09 (927 turns).

Hubjo the Skirmisher (Demonspawn Cinder Acolyte)     Turns: 927, Time: 00:01:10

Health: 0/24       AC:  2    Str: 14    XL:     2   Next: 51%
Magic:  4/4        EV: 11    Int: 15    God:    Ru [**....]
Gold:   108        SH:  0    Dex:  8    Spells: 4/4 levels left

rFire   . . .      SeeInvis .     - Unarmed
rCold   . . .      Faith    .   (no shield)
rNeg    . . .      Spirit   .   a - +0 robe
rPois   .          Reflect  .   (helmet restricted)
rElec   .          Harm     .   (no cloak)
rCorr   .          Rampage  .   (no gloves)
Will    .....                   (no boots)
Stlth   +.........              (no amulet)
HPRegen 0.08/turn               (no ring)
MPRegen 0.09/turn               (no ring)

@: fire susceptible
A: antennae 1, inability to use devices
a: Renounce Religion


You were on level 2 of the Dungeon.
You worshipped Ru.
Ru was pleased with you.
You visited 1 branch of the dungeon, and saw 2 of its levels.

You collected 108 gold pieces.

Inventory:

Armour
 a - a +0 robe (worn)
Scrolls
 b - a scroll of acquirement {unknown}
 c - 3 scrolls of identify {unknown}
 f - a scroll of brand weapon {unknown}
Potions
 d - 2 potions of invisibility {unknown}
 e - 2 potions of lignification {unknown}


   Skills:
 + Level 3.3 Fighting
 + Level 3.0 Unarmed Combat
 + Level 1.5 Spellcasting
 - Level 2.6 Fire Magic


You had 4 spell levels left.
You didn't know any spells.
Your spell library contained the following spells:

 Spells                   Type           Power      Damage    Failure   Level
 Scorch                   Fire           18%        2d5       12%         2
 Gell's Gravitas          Tloc           1%         N/A       56%         3
 Teleport Other           Tloc           1%         N/A       56%         3
 Dispersal                Tloc           0%         N/A       100%        6


Dungeon Overview and Level Annotations

Branches:
Dungeon (2/15)

Altars:
Ru


Innate Abilities, Weirdness & Mutations

You have a pair of small antennae on your head.
You cannot study or use magical devices.


Message History

The dart slug misses you.
You hit the endoplasm.
You kill the endoplasm!
You closely miss the ufetubus. The dart slug launches a dart at you.
The slug dart misses you. The ufetubus hits you.
The ufetubus barely misses you.
You hit the ufetubus.
The ufetubus is lightly wounded.
The ufetubus closely misses you. The ufetubus barely misses you.
The dart slug launches a dart at you. The slug dart misses you.
The ufetubus hits you.
The ufetubus hits you but does no damage.
You miss the ufetubus.
The ufetubus is lightly wounded.
The ufetubus hits you.
The ufetubus hits you but does no damage.
You are too injured to fight recklessly!
You closely miss the ufetubus. Your punch misses the ufetubus.
The ufetubus is lightly wounded.
The ufetubus barely misses you. The ufetubus hits you.
You focus your inner power and illuminate the ufetubus in retribution!
The dart slug launches a dart at you. The slug dart misses you.
You hit the ufetubus but do no damage.
The ufetubus is lightly wounded.
The ufetubus closely misses you. The ufetubus hits you.
The ufetubus misses you. x2; The dart slug misses you.
You hit the ufetubus.
The ufetubus is moderately wounded.
The ufetubus hits you.
* * * LOW HITPOINT WARNING * * *
The ufetubus hits you.
* * * LOW HITPOINT WARNING * * *
You hit the ufetubus. You punch the ufetubus.
The ufetubus is almost dead.
The ufetubus barely misses you. The ufetubus hits you.
* * * LOW HITPOINT WARNING * * *
The dart slug closely misses you. The ufetubus hits you.
You die...

.######### .........# .........#
..[......# # ..)......# .#
.........###.#.# .......w.....#.#
##########.....5@.#.....#
#.......#########.......###
#.......# ##.#.......# #.......#
#..........#
#.......########..........#
#.............##..........#
#.............##..........#
#..........<..............#######
#######.......##.....†........^..


You could see a dart slug and an ufetubus (corona).

Vanquished Creatures
  A dart slug (D:1)
  6 ball pythons
  A bat (D:1)
  2 endoplasms
  A goblin (D:1)
  A hobgoblin (D:1)
  2 frilled lizards
  A rat (D:1)
15 creatures vanquished.

Vanquished Creatures (collateral kills)
  10 foxfires (D:1)
10 creatures vanquished.

Vanquished Creatures (others)
  4 foxfires (D:1)
4 creatures vanquished.

Grand Total: 29 creatures vanquished

Notes
Turn   | Place    | Note
-------+----------+-------------------------------------------
     0 | D:1      | Hubjo the Demonspawn Cinder Acolyte began the quest for the
                  | Orb.
     0 | D:1      | Reached XP level 1. HP: 18/18 MP: 2/2
   345 | D:1      | Discovered your monstrous ancestry.
   345 | D:1      | Gained mutation: You have a pair of small antennae on your
                  | head. [demonic ancestry]
   345 | D:1      | Reached XP level 2. HP: 18/24 MP: 4/4
   449 | D:1      | Found a faded altar of an unknown god.
   468 | D:1      | Prayed at the altar of an unknown god.
   468 | D:1      | Fell from the grace of Ignis
   468 | D:1      | Became a worshipper of Ru the Awakened
   482 | D:1      | Gained mutation: You cannot study or use magical devices.
                  | [Ru sacrifice]
   482 | D:1      | Reached * piety under Ru
   482 | D:1      | Reached ** piety under Ru
   927 | D:2      | Slain by an ufetubus

Illustrated notes

Levels and vault maps discovered:
D:1:      minmay_arrival_arboretum_large, layout_loops_ring,
          shapermc_ecumenical_altar_gd, dreamdust_wishing_well
D:2:      layout_basic, basic_altar, hex_intersection, nrook_campfire

Skill      XL: |  1  2 |
---------------+-------+-----
Unarmed Combat | 3 |  3.0
Fighting       | |  3.3
Spellcasting   | |  1.5
Fire Magic     | |  2.6

Action                   || total
-------------------------++-------
Melee: Unarmed           ||    40
       Punch             ||     2
Invok: Sacrifice Artific ||     1
       Foxfire Swarm     ||     1
Armor: Robe              ||    10
Dodge: Dodged            ||    31

Table legend: (Time is in decaauts)
 A = Elapsed time spent in this place.
 B = Non-inter-level travel time spent in this place.
 C = Inter-level travel time spent in this place.
 D = Time resting spent in this place.
 E = Time spent auto-exploring this place.
 F = Levels seen in this place.
 G = Mean time per level.
                   A        B        C        D        E       F      G
               +--------+--------+--------+--------+--------+-----+--------+
         Total |    924 |    915 |      9 |      0 |    804 |   2 |  462.0 |
       Dungeon |    924 |    915 |      9 |      0 |    804 |   2 |  462.0 |
               +--------+--------+--------+--------+--------+-----+--------+

Top non-repeatable levels by time:
     D:1: 796 daAuts
     D:2: 127 daAuts
